 Dungeon Crawl Stone Soup version 0.23.1 (webtiles) character file.

Game seed: 6454971085308772845

342 azeaze32 the Cleaver (level 6, -5/76 HPs)
             Began as a Hill Orc Berserker on Mar 16, 2019.
             Was a Believer of Trog.
             Slain by a big kobold
             ... wielding a +1 short sword of distortion
              (12 damage)
             ... on level 4 of the Dungeon.
             The game lasted 00:07:21 (2921 turns).

azeaze32 the Cleaver (Hill Orc Berserker)           Turns: 2921, Time: 00:07:23

Health: -5/76      AC: 14    Str: 27    XL:     6   Next: 57%
Magic:  6/6        EV:  6    Int:  7    God:    Trog [**....]
Gold:   187        SH:  9    Dex: 10    Spells: 5/5 levels left

rFire    . . .     SeeInvis .   a - +0 hand axe
rCold    . . .     Gourm    .   t - +0 shield
rNeg     . . .     Faith    .   q - +0 chain mail
rPois    .         Spirit   .   p - +0 helmet
rElec    .         Reflect  .   i - +0 cloak
rCorr    .         Harm     .   (no gloves)
MR       .....                  m - +2 pair of boots
Stlth    ..........             (no amulet)
HPRegen  0.22/turn              (no ring)
MPRegen  0.10/turn              (no ring)

@: berserking (expiring), lethally poisoned (-5 -> -21), slowed, lightly drained
A: no striking features
a: Berserk, Trog's Hand, Renounce Religion


You were on level 4 of the Dungeon.
You worshipped Trog.
Trog was pleased with you.
You were not hungry.

You visited 1 branch of the dungeon, and saw 4 of its levels.

You collected 187 gold pieces.

Inventory:

Hand Weapons
 a - a +0 hand axe (weapon)
 u - a +0 hand axe
Armour
 b - a +0 animal skin
 e - a +0 scale mail
 g - a +0 helmet
 i - a +0 cloak (worn)
 m - a +2 pair of boots (worn)
 p - a +0 helmet (worn)
 q - a +0 chain mail (worn)
 t - a +0 shield (worn)
Wands
 r - a wand of enslavement (5)
 v - a wand of flame (10)
 w - a wand of polymorph (12)
Scrolls
 d - 2 scrolls of random uselessness {unknown}
 l - 2 scrolls of identify {unknown}
 s - 4 scrolls of immolation {unknown}
 y - a scroll of blinking {unknown}
 z - a scroll of teleportation {unknown}
Potions
 f - a potion of mutation {unknown}
 h - 2 potions of curing {unknown}
 j - 2 potions of flight {unknown}
 k - a potion of ambrosia {unknown}
 n - 2 potions of heal wounds {unknown}
 o - a potion of magic {unknown}
Comestibles
 c - 6 rations
 x - 7 chunks of flesh


   Skills:
 - Level 3.6(3.5) Fighting
 + Level 8.8(8.7) Axes
 - Level 2.1(2.0) Armour
 - Level 1.5(1.4) Dodging
 + Level 1.2(1.1) Stealth
 + Level 1.6(1.5) Shields


You had 5 spell levels left.
You didn't know any spells.
Your spell library was empty.

Dungeon Overview and Level Annotations

Branches:
Dungeon (4/15)
 Temple: D:4-7

Altars:
Uskayaw

Portals:
Ossuary: D:4


Message History

You slash the big kobold!
The big kobold is moderately wounded.
The big kobold shoots a curare-tipped needle.
The curare-tipped needle hits you.
You are more poisoned.
You have difficulty breathing.
You feel as though you will be slow longer.
You hit the big kobold.
The big kobold is heavily wounded.
You feel sick.
The big kobold hits you but does no damage.
Space warps horribly around you!
* * * LOW HITPOINT WARNING * * *
You closely miss the big kobold. You hit the big kobold.
* * * LOW HITPOINT WARNING * * *
You feel sick.
The big kobold hits you with a +1 short sword of distortion.
* * * LOW HITPOINT WARNING * * *
Space warps horribly around you!
You die...

..#...)# ....'..#...
..#....####..K.....!
..#.)..##...K'..#..
###....##.##K#K#.#.#
..<.........K##K⌠.#
...........#..#####
####..........#
..##........KK#######..#
..##........KKKK@......#
..##.........###K#####.#
..####.......# #... ..#
#..............# ..#
#.##...........#
..#................#
..#......#..........
.....#.##......##
.....#.# ......#


You could see 2 big kobolds and 5 kobolds.

Vanquished Creatures
  The ghost of Flogoulo the Gusty, a weakling DrAE (D:4)
  A bullfrog skeleton (D:4)
  A hound (D:4)
  Jessica (D:3)
  Ijyb (D:3)
  2 worker ants (D:4)
  A gnoll (D:1)
  4 adders
  An ooze (D:1)
  An adder skeleton (D:4)
  5 worms
  4 dart slugs
  A leopard gecko (D:2)
  7 orcs
  4 giant cockroaches
  4 goblins
  9 hobgoblins
  4 jackals (D:2)
  A quokka (D:3)
  A ball python skeleton (D:4)
  6 bats
  4 frilled lizards (D:1)
  2 kobolds
  6 rats
72 creatures vanquished.

Notes
Turn   | Place    | Note
-------+----------+-------------------------------------------
     0 | D:1      | azeaze32 the Hill Orc Berserker began the quest for the
                  | Orb.
     0 | D:1      | Reached XP level 1. HP: 19/19 MP: 1/1
    22 | D:1      | Reached XP level 2. HP: 25/26 MP: 2/2
   230 | D:1      | Reached skill level 5 in Axes
   360 | D:1      | Reached XP level 3. HP: 31/31 MP: 3/3
   684 | D:2      | Reached skill level 6 in Axes
   948 | D:2      | Reached XP level 4. HP: 31/39 MP: 4/4
  1053 | D:2      | Reached ** piety under Trog
  1846 | D:3      | Reached skill level 7 in Axes
  1896 | D:3      | Noticed Ijyb
  1911 | D:3      | Killed Ijyb
  1911 | D:3      | Reached XP level 5. HP: 35/45 MP: 5/5
  2008 | D:3      | Noticed Jessica
  2019 | D:3      | Killed Jessica
  2019 | D:3      | Reached skill level 1 in Stealth
  2194 | D:3      | Found a hide-covered altar of Uskayaw.
  2757 | D:4      | Reached skill level 1 in Shields
  2776 | D:4      | Reached skill level 8 in Axes
  2776 | D:4      | Reached XP level 6. HP: 47/51 MP: 6/6
  2791 | D:4      | Found a sand-covered staircase.
  2869 | D:4      | Found a runed translucent gate.
  2870 | D:4      | Noticed Flogoulo's ghost (weakling DrAE)
  2875 | D:4      | Found a runed translucent gate.
  2877 | D:4      | Found a runed translucent gate.
  2877 | D:4      | Identified the cursed +0 whip "Orcheteggu" {pain, +Rage
                  | Str+7 Dex+2 Stlth-}
  2918 | D:4      | Killed Flogoulo's ghost
  2921 | D:4      | Slain by a big kobold

Skill      XL: |  1  2  3  4  5 |
---------------+----------------+-----
Axes           | 5 6 7 8 |  8.8
Stealth        | 1 |  1.2
Shields        | 1 |  1.6
Fighting       | |  3.6
Armour         | |  2.1
Dodging        | |  1.5

Action                   |  1- 3 |  4- 6 || total
-------------------------+-------+-------++-------
Melee: Hand axe          |   100 |   188 ||   288
Invok: Berserk           |     2 |     3 ||     5
       Trog's Hand       |       |     3 ||     3
 Stab: Sleeping          |     1 |       ||     1
  Eat: Chunk             |     2 |     6 ||     8
       Ration            |       |     2 ||     2
Armor: Animal skin       |     7 |       ||     7
       Scale mail        |    35 |     1 ||    36
       Chain mail        |       |   109 ||   109
Dodge: Dodged            |    60 |    63 ||   123
Block: Shield            |       |    56 ||    56
